BSA
NEW ORLEANS LOOTERS @ HENDERSONVILLE HITMEN
09/26/2024
 
TOP OF THE 1ST
New Orleans Looters batting - Pitching for Hendersonville Hitmen : RHP Rodrigo Aguilar
Pitching: RHP Rodrigo Aguilar
Batting: RHB Francisco Ibarra 0-0: Ball
1-0: Called Strike
1-1: Ball
2-1: SINGLE (Flyball, 89M)
Batting: RHB Stephen Shaw 0-0: Called Strike
0-1: Grounds into double play, 5-4-3 (Groundball, 5)
Batting: RHB Luis Alou 0-0: Ground out 1-3 (Groundball, 15)
Top of the 1st over - 0 run(s), 1 hit(s), 0 error(s), 0 left on base; New Orleans 0 - Hendersonville 0
BOTTOM OF THE 1ST
Hendersonville Hitmen batting - Pitching for New Orleans Looters : RHP Gennarino Lucchetti
Pitching: RHP Gennarino Lucchetti
Batting: LHB Jerry Johnston 0-0: Ball
1-0: Ball
2-0: Foul Ball, location: 2F
2-1: Ball
3-1: Foul Ball, location: 2F
3-2: Strikes out looking
Batting: SHB Tony López 0-0: Foul Ball, location: 2F
0-1: Fly out, F7 (Flyball, 7LMF)
Batting: LHB Lorenzo Villa 0-0: Foul Ball, location: 2F
0-1: Foul Ball, location: 2F
0-2: Ball
1-2: Foul Ball, location: 2F
1-2: Foul Ball, location: 2F
1-2: Fly out, F7 (Flyball, 7M)
Bottom of the 1st over - 0 run(s), 0 hit(s), 0 error(s), 0 left on base; New Orleans 0 - Hendersonville 0
TOP OF THE 2ND
New Orleans Looters batting - Pitching for Hendersonville Hitmen : RHP Rodrigo Aguilar
Batting: SHB Oliver Deleón 0-0: Ground out 4-3 (Groundball, 4MS)
Batting: LHB Taylor Smith 0-0: Swinging Strike
0-1: Foul Ball, location: 2F
0-2: Strikes out swinging
Batting: RHB Dominic Turner 0-0: Ball
1-0: Ball
2-0: Called Strike
2-1: Foul Ball, location: 2F
2-2: Foul Ball, location: 2F
2-2: Ground out 4-3 (Groundball, 4)
Top of the 2nd over - 0 run(s), 0 hit(s), 0 error(s), 0 left on base; New Orleans 0 - Hendersonville 0
BOTTOM OF THE 2ND
Hendersonville Hitmen batting - Pitching for New Orleans Looters : RHP Gennarino Lucchetti
Batting: RHB Robert Buckley 0-0: Ball
1-0: Swinging Strike
1-1: Ball
2-1: Ball
3-1: Ground out 5-3 (Groundball, 56S)
Batting: RHB Eduardo García 0-0: Called Strike
0-1: DOUBLE (Line Drive, 9LS)
Batting: RHB Junior Vargas 0-0: Ball
1-0: Called Strike
1-1: Ball
2-1: Foul Ball, location: 2F
2-2: Strikes out swinging
Batting: LHB José Flores 0-0: Called Strike
0-1: Ball
1-1: Swinging Strike
1-2: Fly out, F9 (Flyball, 89M)
Bottom of the 2nd over - 0 run(s), 1 hit(s), 0 error(s), 1 left on base; New Orleans 0 - Hendersonville 0
TOP OF THE 3RD
New Orleans Looters batting - Pitching for Hendersonville Hitmen : RHP Rodrigo Aguilar
Batting: LHB José Esparza 0-0: Ball
1-0: Called Strike
1-1: Swinging Strike
1-2: Foul Ball, location: 2F
1-2: Foul Ball, location: 2F
1-2: Ball
2-2: Ball
3-2: SOLO HOME RUN (Flyball, 9LD), Distance : 364 ft
Batting: RHB Dave O'Loan 0-0: Foul Ball, location: 2F
0-1: Called Strike
0-2: Ball
1-2: Ball
2-2: Ball
3-2: Foul Ball, location: 2F
3-2: Strikes out looking
Batting: LHB Miguel Colón 0-0: Ball
1-0: Ball
2-0: Called Strike
2-1: Foul Ball, location: 2F
2-2: Ground out U3 (Groundball, 3L)
Batting: RHB Francisco Ibarra 0-0: Called Strike
0-1: Ball
1-1: Fly out, F8 (Flyball, 78S)
Top of the 3rd over - 1 run(s), 1 hit(s), 0 error(s), 0 left on base; New Orleans 1 - Hendersonville 0
BOTTOM OF THE 3RD
Hendersonville Hitmen batting - Pitching for New Orleans Looters : RHP Gennarino Lucchetti
Batting: RHB Rafael González 0-0: Called Strike
0-1: Ball
1-1: Foul Ball, location: 2F
1-2: Foul Ball, location: 2F
1-2: Ball
2-2: Ground out 6-3 (Groundball, 6)
Batting: RHB Taylor McFarland 0-0: Fly out, F9 (Flyball, 89D)
Batting: LHB Jerry Johnston 0-0: Ball
1-0: Ball
2-0: Ball
3-0: Base on Balls
Batting: SHB Tony López 0-0: Swinging Strike
0-1: Foul Ball, location: 2F
0-2: Fly out, F7 (Flyball, 78M)
Bottom of the 3rd over - 0 run(s), 0 hit(s), 0 error(s), 1 left on base; New Orleans 1 - Hendersonville 0
TOP OF THE 4TH
New Orleans Looters batting - Pitching for Hendersonville Hitmen : RHP Rodrigo Aguilar
Batting: RHB Stephen Shaw 0-0: Ball
1-0: Fly out, F9 (Flyball, 89M)
Batting: RHB Luis Alou 0-0: Foul Ball, location: 2F
0-1: Ball
1-1: Called Strike
1-2: Foul Ball, location: 2F
1-2: Ball
2-2: Ball
3-2: Ground out U3 (Groundball, 3S)
Batting: SHB Oliver Deleón 0-0: Ball
1-0: Ball
2-0: Ball
3-0: Called Strike
3-1: SINGLE (Flyball, 8RS) - OUT at second base trying to stretch hit.
Top of the 4th over - 0 run(s), 1 hit(s), 0 error(s), 0 left on base; New Orleans 1 - Hendersonville 0
BOTTOM OF THE 4TH
Hendersonville Hitmen batting - Pitching for New Orleans Looters : RHP Gennarino Lucchetti
Batting: LHB Lorenzo Villa 0-0: Ball
1-0: Ball
2-0: Foul Ball, location: 2F
2-1: Foul Ball, location: 2F
2-2: Ground out 3-1 (Groundball, 34)
Batting: RHB Robert Buckley 0-0: Ball
1-0: Called Strike
1-1: Swinging Strike
1-2: Foul Ball, location: 2F
1-2: Foul Ball, location: 2F
1-2: Foul Ball, location: 2F
1-2: Ball
2-2: Ball
3-2: Ground out U3 (Groundball, 3S)
Batting: RHB Eduardo García 0-0: Ball
1-0: Called Strike
1-1: Fly out, F8 (Flyball, 78D)
Bottom of the 4th over - 0 run(s), 0 hit(s), 0 error(s), 0 left on base; New Orleans 1 - Hendersonville 0
TOP OF THE 5TH
New Orleans Looters batting - Pitching for Hendersonville Hitmen : RHP Rodrigo Aguilar
Batting: LHB Taylor Smith 0-0: Called Strike
0-1: Called Strike
0-2: Ball
1-2: Strikes out swinging
Batting: RHB Dominic Turner 0-0: Called Strike
0-1: Called Strike
0-2: Fly out, F8 (Flyball, 8LM)
Batting: LHB José Esparza 0-0: Ball
1-0: Called Strike
1-1: Ball
2-1: Foul Ball, location: 2F
2-2: Ball
3-2: Foul Ball, location: 2F
3-2: DOUBLE (Groundball, 5L)
Batting: RHB Dave O'Loan 0-0: Ball
1-0: Foul Ball, location: 2F
1-1: Ground out 1-3 (Groundball, 13)
Top of the 5th over - 0 run(s), 1 hit(s), 0 error(s), 1 left on base; New Orleans 1 - Hendersonville 0
BOTTOM OF THE 5TH
Hendersonville Hitmen batting - Pitching for New Orleans Looters : RHP Gennarino Lucchetti
Batting: RHB Junior Vargas 0-0: Ground out 5-3 (Groundball, 56)
Batting: LHB José Flores 0-0: Ground out 4-3 (Groundball, 4M)
Batting: RHB Rafael González 0-0: SINGLE (Line Drive, 4D)
Batting: RHB Taylor McFarland 0-0: Ball
1-0: Called Strike
Rafael González steals 2nd base
1-1: Ball
2-1: Ball
3-1: Ground out 6-3 (Groundball, 6M)
Bottom of the 5th over - 0 run(s), 1 hit(s), 0 error(s), 1 left on base; New Orleans 1 - Hendersonville 0
TOP OF THE 6TH
New Orleans Looters batting - Pitching for Hendersonville Hitmen : RHP Rodrigo Aguilar
Batting: LHB Miguel Colón 0-0: Ball
1-0: Ball
2-0: Called Strike
2-1: Fly out, F8 (Flyball, 8RM)
Batting: RHB Francisco Ibarra 0-0: Called Strike
0-1: Swinging Strike
0-2: Foul Ball, location: 2F
0-2: Foul Ball, location: 2F
0-2: Strikes out swinging
Batting: RHB Stephen Shaw 0-0: Foul Ball, location: 2F
0-1: Ball
1-1: DOUBLE (Flyball, 89D)
Batting: RHB Luis Alou 0-0: Foul Ball, location: 2F
0-1: Foul Ball, location: 2F
0-2: Strikes out looking
Top of the 6th over - 0 run(s), 1 hit(s), 0 error(s), 1 left on base; New Orleans 1 - Hendersonville 0
BOTTOM OF THE 6TH
Hendersonville Hitmen batting - Pitching for New Orleans Looters : RHP Gennarino Lucchetti
Batting: LHB Jerry Johnston 0-0: Ball
1-0: Swinging Strike
1-1: Ball
2-1: Foul Ball, location: 2F
2-2: Foul Ball, location: 2F
2-2: Strikes out swinging
Batting: SHB Tony López 0-0: Ball
1-0: Called Strike
1-1: Ball
2-1: Foul Ball, location: 2F
2-2: Fly out, F7 (Flyball, 7D)
Batting: LHB Lorenzo Villa 0-0: Called Strike
0-1: Ball
1-1: Ball
2-1: Foul Ball, location: 2F
2-2: Ball
3-2: SINGLE (Line Drive, 78M)
Batting: RHB Robert Buckley 0-0: Fly out, F7 (Flyball, 78S)
Bottom of the 6th over - 0 run(s), 1 hit(s), 0 error(s), 1 left on base; New Orleans 1 - Hendersonville 0
TOP OF THE 7TH
New Orleans Looters batting - Pitching for Hendersonville Hitmen : RHP Rodrigo Aguilar
Pitching: RHP Héctor Reyes
Batting: SHB Oliver Deleón 0-0: Ball
1-0: Ball
2-0: Swinging Strike
2-1: Called Strike
2-2: Foul Ball, location: 2F
2-2: Foul Ball, location: 2F
2-2: Foul Ball, location: 2F
2-2: Foul Ball, location: 2F
2-2: Foul Ball, location: 2F
2-2: Ball
3-2: Foul Ball, location: 2F
3-2: Ground out 1-3 (Groundball, 13S)
Batting: LHB Taylor Smith 0-0: Swinging Strike
0-1: Ball
1-1: Called Strike
1-2: Ball
2-2: Strikes out swinging
Batting: RHB Dominic Turner 0-0: Ball
1-0: Foul Ball, location: 2F
1-1: Foul Ball, location: 2F
1-2: Ball
2-2: Foul Ball, location: 2F
2-2: Strikes out swinging
Top of the 7th over - 0 run(s), 0 hit(s), 0 error(s), 0 left on base; New Orleans 1 - Hendersonville 0
BOTTOM OF THE 7TH
Hendersonville Hitmen batting - Pitching for New Orleans Looters : RHP Gennarino Lucchetti
Batting: RHB Eduardo García 0-0: Foul Ball, location: 2F
0-1: Ball
1-1: Ball
2-1: Fly out, F8 (Flyball, 89D)
Batting: RHB Junior Vargas 0-0: Foul Ball, location: 2F
0-1: Ball
1-1: Ball
2-1: Swinging Strike
2-2: Ground out 6-3 (Groundball, 6)
Batting: LHB José Flores 0-0: Called Strike
0-1: Swinging Strike
0-2: Ball
1-2: Ball
2-2: Strikes out looking
Bottom of the 7th over - 0 run(s), 0 hit(s), 0 error(s), 0 left on base; New Orleans 1 - Hendersonville 0
TOP OF THE 8TH
New Orleans Looters batting - Pitching for Hendersonville Hitmen : RHP Héctor Reyes
Batting: LHB José Esparza 0-0: Foul Ball, location: 2F
0-1: Ground out 3-1 (Groundball, 34)
Batting: RHB Dave O'Loan 0-0: Ball
1-0: Ball
2-0: Called Strike
2-1: Foul Ball, location: 2F
2-2: Ball
3-2: Ground out 4-3 (Groundball, 4M)
Batting: LHB Miguel Colón 0-0: Ball
1-0: Fly out, F8 (Flyball, 8LXD)
Top of the 8th over - 0 run(s), 0 hit(s), 0 error(s), 0 left on base; New Orleans 1 - Hendersonville 0
BOTTOM OF THE 8TH
Hendersonville Hitmen batting - Pitching for New Orleans Looters : RHP Gennarino Lucchetti
Batting: RHB Rafael González 0-0: Ball
1-0: Ball
2-0: SINGLE (Groundball, 56D)
Pinch Hitting: LHB Terry White 0-0: Bunted foul
0-1: Bunt missed!
0-2: Ball
1-2: Fly out, F9 (Line Drive, 89D)
Batting: LHB Jerry Johnston 0-0: Ball
1-0: Swinging Strike
1-1: Swinging Strike
1-2: Strikes out swinging
Pitching: RHP Anthony O'Connor
Batting: SHB Tony López 0-0: Called Strike
0-1: Ball
1-1: Ball
2-1: Fly out, F8 (Flyball, 89M)
Bottom of the 8th over - 0 run(s), 1 hit(s), 0 error(s), 1 left on base; New Orleans 1 - Hendersonville 0
TOP OF THE 9TH
New Orleans Looters batting - Pitching for Hendersonville Hitmen : RHP Héctor Reyes
Pitching: RHP Edward Cadle
Now at SS: Enrique Aguilar
Batting: RHB Francisco Ibarra 0-0: Called Strike
0-1: Ball
1-1: Called Strike
1-2: SINGLE (Flyball, 89S)
Batting: RHB Stephen Shaw 0-0: Sac Bunt - play at first, batter OUT! 1-4
Francisco Ibarra to second
Batting: RHB Luis Alou 0-0: Called Strike
0-1: Ball
1-1: Ball
2-1: Ball
3-1: Ground out 6-3 (Groundball, 6)
Francisco Ibarra to third
Batting: SHB Oliver Deleón 0-0: SINGLE (Groundball, 56S)
Francisco Ibarra scores
Batting: LHB Taylor Smith 0-0: Called Strike
0-1: SINGLE (Groundball, 56D)
Oliver Deleón to second
Batting: RHB Dominic Turner 0-0: Foul Ball, location: 2F
0-1: Ball
1-1: Ball
2-1: Ball
3-1: Reached on error, E1 (Groundball, 13S)
Oliver Deleón to third
Taylor Smith to second
Batting: LHB José Esparza 0-0: Ball
1-0: Called Strike
1-1: Ball
2-1: Called Strike
2-2: Ball
3-2: Base on Balls
Oliver Deleón scores
Taylor Smith to third
Dominic Turner to second
Batting: RHB Dave O'Loan 0-0: Ball
1-0: Swinging Strike
1-1: Foul Ball, location: 2F
1-2: Foul Ball, location: 2F
1-2: Foul Ball, location: 2F
1-2: Ball
2-2: Foul Ball, location: 2F
2-2: SINGLE (Line Drive, 89S)
Taylor Smith scores
Dominic Turner to third
José Esparza to second
Runner from 3rd tries for Home, SAFE, no throw or cutoff
Pitching: LHP Felipe Ramos
Batting: LHB Miguel Colón 0-0: Called Strike
0-1: Foul Ball, location: 2F
0-2: Ball
1-2: Fielders Choice at 2nd, U6 (Groundball, 6M)
Top of the 9th over - 4 run(s), 4 hit(s), 1 error(s), 2 left on base; New Orleans 5 - Hendersonville 0
BOTTOM OF THE 9TH
Hendersonville Hitmen batting - Pitching for New Orleans Looters : RHP Anthony O'Connor
Pitching: LHP Juan Méndez
Batting: LHB Lorenzo Villa 0-0: Called Strike
0-1: Ball
1-1: Foul Ball, location: 2F
1-2: Ground out 6-3 (Groundball, 6)
Batting: RHB Robert Buckley 0-0: Foul Ball, location: 2F
0-1: Called Strike
0-2: Ball
1-2: Ball
2-2: Foul Ball, location: 2F
2-2: Strikes out swinging
Batting: RHB Eduardo García 0-0: Ball
1-0: Called Strike
1-1: Ball
2-1: Called Strike
2-2: Strikes out swinging
Bottom of the 9th over - 0 run(s), 0 hit(s), 0 error(s), 0 left on base; New Orleans 5 - Hendersonville 0
This league is powered by Out of the Park Baseball, the baseball management simulation game for PC, Mac and Linux
Saturday, April 9th, 2016 - OOTP Baseball 16.8 Build 38